 Dungeon Crawl Stone Soup version 0.27.0-1-g7a089689b8 (webtiles) character file.

Game seed: 2896915957011735589

114148 theswoord the Cruncher (level 16, -13/132 HPs)
             Began as a Demonspawn Gladiator on Aug 9, 2021.
             Was a High Priest of Wu Jian.
             Killed from afar by an elemental wellspring (18 damage)
             ... with a torrent of water
             ... on level 3 of the Shoals.
             The game lasted 01:04:27 (37746 turns).

theswoord the Cruncher (Demonspawn Gladiator)      Turns: 37746, Time: 01:04:27

Health: -13/132    AC: 20    Str: 19    XL:     16   Next: 15%
Magic:  0/16       EV: 14    Int: 12    God:    Wu Jian [*****.]
Gold:   2216       SH:  4    Dex: 25    Spells: 15/15 levels left

rFire    + + +     SeeInvis .   m - +9 halberd of Pessyfuhidd {speed, rF+ Int+2}
rCold    + . .     Faith    .   (shield currently unavailable)
rNeg     . . .     Spirit   +   l - +1 plate armour {rF+}
rPois    +         Reflect  .   S - +0 hat
rElec    +         Harm     .   N - scarf {rC+ rF+}
rCorr    .         Rampage  .   T - +1 pair of gloves
Will     +....                  g - +1 pair of boots
Stlth    ..........             f - amulet of guardian spirit
HPRegen  0.32/turn              B - ring of poison resistance
MPRegen  0.15/turn              W - +4 ring of slaying

@: no status effects
A: horns 2, thin skeletal structure 2, icemail 1, spiny 2, condensation shield,
agile 1, deformed body, electricity resistance, strong 1
a: Renounce Religion, Wall Jump, Serpent's Lash, Heavenly Storm


You were on level 3 of the Shoals.
You worshipped Wu Jian.
Wu Jian was extremely pleased with you.
You visited 5 branches of the dungeon, and saw 24 of its levels.
You also visited: Ossuary and Bailey.

You collected 2328 gold pieces.
You spent 112 gold pieces at shops.

Inventory:

Hand Weapons
 a - a +1 quarterstaff of draining
 m - the +9 halberd of Pessyfuhidd (weapon) {speed, rF+ Int+2}
   (You found it on level 4 of the Dungeon)

   Attacks with this weapon are significantly faster.
   Int:       It affects your intelligence (+2).
   rF:        It protects you from fire.
 X - the +11 war axe "Kucaali" {flame, rN+ Dex+4}
   (You found it on level 6 of the Lair of Beasts)

   It burns those it strikes, dealing additional fire damage.
   Big, fiery blades are also staple armaments of hydra-hunters.
   Dex:       It affects your dexterity (+4).
   rN:        It protects you from negative energy.
Missiles
 d - 4 throwing nets (quivered)
Armour
 g - a +1 pair of boots (worn)
 l - a +1 plate armour of fire resistance (worn)
 r - a +0 scale mail of cold resistance
 I - a +2 plate armour of poison resistance
 N - a scarf of resistance (worn)
 S - a +0 hat (worn)
 T - a +1 pair of gloves (worn)
Jewellery
 c - a ring of protection from fire
 f - an amulet of guardian spirit (around neck)
 h - a +4 ring of protection
 B - a ring of poison resistance (left hand)
 C - an amulet of reflection
 P - a ring of protection from cold
 W - a +4 ring of slaying (right hand)
Wands
 j - a wand of acid (13)
 J - a wand of charming (11)
 M - a wand of iceblast (23)
Scrolls
 e - 2 scrolls of teleportation
 q - 7 scrolls of identify
 t - a scroll of immolation
 x - 2 scrolls of silence
 G - 3 scrolls of fear
 H - 3 scrolls of enchant armour
 L - a scroll of fog
 O - a scroll of magic mapping
 Q - 3 scrolls of enchant weapon
 V - 2 scrolls of brand weapon
Potions
 b - 4 potions of magic
 i - a potion of brilliance {unknown}
 k - 3 potions of cancellation
 n - a potion of curing
 o - 2 potions of resistance
 p - 4 potions of lignification
 u - a potion of attraction
 v - a potion of berserk rage
 K - 3 potions of flight
Miscellaneous
 R - a tin of tremorstones (2/2)


   Skills:
 + Level 13.9 Fighting
 + Level 6.9(11.4) Polearms
 - Level 14.0(14.5) Staves
 - Level 1.7 Throwing
 + Level 12.7 Armour
 + Level 13.0 Dodging


You had 15 spell levels left.
You didn't know any spells.
Your spell library was empty.

Dungeon Overview and Level Annotations

Branches:
Dungeon (12/15)            Temple (1/1) D:4            Lair (6/6) D:9
 Shoals (3/4) Lair:3        Snake (0/4) Lair:4        Slime (0/5) Lair:6
    Orc (2/2) D:9             Elf (0/3) Orc:2       Ossuary (visited)
 Bailey (visited)

Altars:
Ashenzari
Cheibriados
Dithmenos
Elyvilon
Fedhas
Gozag
Hepliaklqana
Kikubaaqudgha
Makhleb
Nemelex Xobeh
Okawaru
Qazlal
Ru
Sif Muna
Trog
Uskayaw
Vehumet
Wu Jian
Xom
Yredelemnul
Zin
The Shining One
Jiyva

Shops:
Orc:2 ([[*:

Annotations:
D:10 Erolcha


Innate Abilities, Weirdness & Mutations

You have a pair of horns on your head.
You have a moderately thin skeletal structure. (Dex +4, Stealth++)
A meltable icy envelope protects you from harm. (AC +4)
You are mostly covered in sharp spines.
A meltable shield of frost defends you. (SH +4)
You are agile. (Dex +2)
Armour fits poorly on your strangely shaped body.
You are resistant to electric shocks. (rElec)
Your muscles are strong. (Str +2)


Message History

The merfolk impaler hits you with a +1 vorpal trident!
The merfolk hits you from afar with a +0 spear!
The merfolk barely misses you.
The merfolk hits you but does no damage.
The merfolk impaler hits you with a +1 vorpal trident!
You struggle against the net.
The merfolk hits you from afar with a +0 glaive.
* * * LOW HITPOINT WARNING * * *
The merfolk hits you from afar with a +0 halberd!!
* * * LOW HITPOINT WARNING * * *
The merfolk completely misses you.
Water spirits pour forth from the elemental wellspring!
The merfolk impaler completely misses you.
The merfolk hits you from afar with a +0 trident!
* * * LOW HITPOINT WARNING * * *
You shred the net and break free!
The merfolk impaler hits you with a +1 vorpal trident!!
* * * LOW HITPOINT WARNING * * *
x2 The merfolk hits you from afar with a +0 glaive.
* * * LOW HITPOINT WARNING * * *
The water nymph flows with the water.
The merfolk hits you from afar with a +0 spear.
* * * LOW HITPOINT WARNING * * *
The merfolk hits you from afar with a +0 trident.
* * * LOW HITPOINT WARNING * * *
Water spirits pour forth from the elemental wellspring!
The merfolk hits you from afar with a +0 trident.
* * * LOW HITPOINT WARNING * * *
Okay, then.
As you read the scroll of fear, it crumbles to dust.
You assume a fearsome visage.
The water elemental is unaffected. x2
The water nymph looks frightened!
The elemental wellspring is unaffected. x2
The water elemental is unaffected. x6; The merfolk impaler looks frightened!
The merfolk looks frightened! x4; The merfolk impaler looks frightened!
The merfolk looks frightened! x3; The manticore looks frightened!
The water elemental disappears in a puff of smoke! x2
A torrent of water rises up through the elemental wellspring!
The torrent of water passes through the water elemental.
The torrent of water hits you!!
You die...

.###.....)...##≈≈≈≈.≈≈#....
## ####.....###..<.≈≈:..#..
### #......##..(.≈§≈≈...#
...# #..≈≈.≈.#..E≈E≈≈≈....
^...###...≈)m.(.m.mEE≈.....
.........≈≈H≈≈mmm.EmE......
........≈≈≈≈≈≈m≈m.≈E≈......
≈......≈≈≈≈≈≈≈≈≈m(E.§......
.#####..≈≈≈≈≈≈≈.@..........
#..≈≈≈≈≈≈≈..#####.....
.###[.≈≈≈≈≈≈..## ..≈..
.....≈≈≈≈≈...## ≈≈≈≈
.....≈≈≈≈..### .≈≈
≈≈≈≈≈≈≈≈≈..# ≈≈≈
≈≈≈≈≈≈≈≈≈..# .
≈≈≈≈≈≈≈≈≈≈.#### ..≈
≈≈≈≈≈≈≈≈≈.....#...≈≈


You could see 2 merfolk impalers, 2 elemental wellsprings, 7 merfolk, a
manticore (fleeing), 6 water elementals and a water nymph (fleeing).

Vanquished Creatures
  Ilsuiw (Shoals:2)
  An orc warlord (Orc:2)
  An ettin (Orc:1)
  A merfolk impaler (Shoals:2)
  2 merfolk javelineers
  An alligator snapping turtle (Shoals:2)
  2 merfolk avatars
  3 hydras
  A catoblepas (Lair:5)
  4 two-headed ogres
  A satyr (Shoals:2)
  4 centaur warriors
  A tengu warrior (D:11)
  3 orc high priests (Orc:2)
  4 death yaks
  Urug (Lair:3)
  A goliath frog (Lair:6)
  5 sea snakes
  A lindwurm (Lair:6)
  Pikel (D:7)
  6 orc knights
  2 deep elf pyromancers
  34 harpies
  An ugly thing (D:10)
  4 orc sorcerers
  17 fauns
  2 oklob plants (Lair:5)
  8 cyclopes
  7 manticores
  6 elephants
  9 merfolk sirens
  3 black mambas
  Joseph (D:9)
  6 water nymphs
  A torpor snail (Lair:4)
  20 cane toads
  8 komodo dragons
  3 rime drakes
  Maggie (D:6)
  A kobold demonologist (D:11)
  A hornet (D:10)
  12 merfolk
  2 polar bears
  5 trolls
  4 wind drakes
  3 tyrant leeches (Lair:6)
  27 dream sheep
  32 blink frogs
  A slime creature (D:10)
  8 snapping turtles
  Sigmund (D:2)
  29 yaks
  6 wyverns
  3 wraiths
  Eustachio (D:6)
  3 water elementals
  4 basilisks
  4 steam dragons
  Grum (D:11)
  10 vampire mosquitoes
  5 nagas (Lair:4)
  2 acid dragons (D:9)
  4 wargs
  8 water moccasins
  A sky beast (D:7)
  2 black bears (Lair:1)
  An ice beast (D:6)
  30 orc warriors
  6 ogres
  5 wolves
  5 centaurs
  3 lemures (D:7)
  An elf zombie (Ossuary)
  5 kobold brigands
  Blork the orc (D:4)
  19 bullfrogs
  A gnoll sergeant (D:7)
  A scorpion (D:6)
  3 wyvern skeletons (D:7)
  A water moccasin skeleton (D:6)
  20 killer bees
  2 wights
  An electric eel (Lair:6)
  A crimson imp (D:7)
  4 centaur zombies
  10 orc priests
  3 hounds
  2 centaur skeletons (D:7)
  A jelly (D:5)
  A human zombie (Ossuary)
  3 iguanas
  Natasha (thrice) (D:2)
  3 bullfrog skeletons (D:5)
  20 orc wizards
  6 hell rats
  A killer bee zombie (D:6)
  3 mummies (Ossuary)
  A howler monkey zombie (D:9)
  Robin (D:2)
  4 gnolls
  3 adders
  3 white imps
  A worm (D:2)
  2 dart slugs
  66 orcs
  8 ball pythons
  9 bats
  4 endoplasms
  5 giant cockroaches
  A gnoll zombie (Ossuary)
  22 goblins
  13 hobgoblins
  14 jackals
  43 kobolds
  5 quokkas
  A frilled lizard (D:1)
  2 goblin zombies (Ossuary)
  3 kobold zombies (Ossuary)
  An orc zombie (Ossuary)
  5 rats
741 creatures vanquished.

Vanquished Creatures (others)
  An orc wizard (D:9)
  A bush (D:10)
  42 fungi
  167 plants
211 creatures vanquished.

Grand Total: 952 creatures vanquished

Notes
Turn   | Place    | Note
-------+----------+-------------------------------------------
     0 | D:1      | theswoord the Demonspawn Gladiator began the quest for the
                  | Orb.
     0 | D:1      | Reached XP level 1. HP: 16/16 MP: 1/1
    20 | D:1      | Reached skill level 3 in Staves
    45 | D:1      | Gained mutation: You are partially covered in sharp spines.
                  | [demonic ancestry]
    45 | D:1      | Reached XP level 2. HP: 14/22 MP: 2/2
   399 | D:1      | Reached XP level 3. HP: 23/27 MP: 3/3
   822 | D:1      | Reached skill level 4 in Staves
  1102 | D:2      | Noticed Sigmund
  1118 | D:2      | Killed Sigmund
  1119 | D:2      | Reached skill level 5 in Staves
  1119 | D:2      | Gained mutation: You have a somewhat thin skeletal
                  | structure. (Dex +2, Stealth+) [demonic ancestry]
  1119 | D:2      | Reached XP level 4. HP: 28/33 MP: 4/4
  1119 | D:2      | Gained mutation: You are mostly covered in sharp spines.
                  | [demonic ancestry]
  1119 | D:2      | Reached XP level 5. HP: 33/38 MP: 5/5
  1282 | D:2      | Noticed Robin
  1301 | D:2      | Killed Robin
  1428 | D:2      | Noticed Natasha
  1436 | D:2      | Killed Natasha
  1437 | D:2      | Reached skill level 6 in Staves
  1919 | D:2      | Noticed Natasha
  1925 | D:2      | Killed Natasha
  1926 | D:2      | Gained mutation: You have a pair of small horns on your
                  | head. [demonic ancestry]
  1926 | D:2      | Reached XP level 6. HP: 44/44 MP: 6/6
  1955 | D:2      | Noticed Natasha
  1958 | D:2      | Killed Natasha
  2050 | D:3      | Found a radiant altar of Vehumet.
  2753 | D:4      | Noticed Blork the orc
  2778 | D:4      | Killed Blork the orc
  2779 | D:4      | Reached skill level 7 in Staves
  2961 | D:4      | Identified the +9 halberd of Pessyfuhidd {speed, rF+ Int+2}
  3216 | D:4      | Gained mutation: A meltable shield of frost defends you.
                  | (SH +4) [demonic ancestry]
  3216 | D:4      | Reached XP level 7. HP: 49/50 MP: 7/7
  3285 | D:4      | Found a staircase to the Ecumenical Temple.
  3296 | Temple   | Entered the Ecumenical Temple
  3654 | D:5      | Entered Level 5 of the Dungeon
  4622 | D:6      | Reached skill level 8 in Staves
  4713 | D:6      | Noticed a komodo dragon
  4727 | D:6      | Killed a komodo dragon
  4728 | D:6      | Reached skill level 9 in Staves
  4728 | D:6      | Reached XP level 8. HP: 33/56 MP: 8/8
  4966 | D:6      | Found a broken altar of Ashenzari.
  5005 | D:6      | Noticed Eustachio
  5016 | D:6      | Killed Eustachio
  5051 | D:6      | Noticed Maggie
  5064 | D:6      | Killed Maggie
  5065 | D:6      | Reached skill level 10 in Staves
  5454 | D:6      | Found a shimmering blue altar of Sif Muna.
  5573 | D:6      | Reached skill level 11 in Staves
  5577 | D:6      | Reached XP level 9. HP: 55/61 MP: 9/9
  6077 | D:7      | Found a sand-covered staircase.
  6084 | Ossuary  | Entered an ossuary
  6281 | Ossuary  | Reached skill level 12 in Staves
  6947 | D:7      | Noticed Pikel
  6959 | D:7      | Killed Pikel
  6960 | D:7      | Reached skill level 13 in Staves
  6960 | D:7      | Reached XP level 10. HP: 36/67 MP: 10/10
  7144 | D:7      | Found a shadowy altar of Dithmenos.
  7216 | D:7      | Found a shimmering altar of Xom.
  7216 | D:7      | Found a burning altar of Makhleb.
  7512 | D:8      | Noticed a two-headed ogre
  7525 | D:8      | Killed a two-headed ogre
  8389 | D:8      | Reached skill level 14 in Staves
  9039 | D:9      | Found a staircase to the Lair.
  9055 | D:9      | Reached skill level 1 in Armour
  9884 | D:9      | Found an iron altar of Okawaru.
 10024 | D:9      | Noticed Joseph
 10043 | D:9      | Found a staircase to the Orcish Mines.
 10049 | D:9      | Killed Joseph
 10625 | D:9      | Reached XP level 11. HP: 54/77 MP: 11/11
 10900 | D:9      | Found a sparkling altar of Nemelex Xobeh.
 11182 | D:10     | Entered Level 10 of the Dungeon
 11290 | D:10     | You fall into a shaft and drop 1 floor!
 11393 | D:11     | Noticed a soul eater
 11431 | D:11     | Reached skill level 5 in Fighting
 11431 | D:11     | Reached skill level 5 in Dodging
 11750 | D:11     | Found a flagged portal.
 11761 | Bailey   | Entered a bailey
 11849 | Bailey   | Found an iron altar of Okawaru.
 12151 | D:10     | Noticed Grum
 12155 | D:10     | Identified the +6 mace of Reapportionment {vamp, *Noise
                  | rElec rN+}
 12155 | D:10     | Noticed a centaur warrior
 12338 | D:11     | Killed Grum
 12554 | D:10     | Noticed a deep elf pyromancer
 12558 | D:10     | HP: 2/81 [centaur warrior/arrow (5)]
 13304 | D:11     | Noticed a tengu warrior
 13304 | D:11     | Noticed a centaur warrior
 13307 | D:11     | Noticed a deep elf pyromancer
 13307 | D:11     | Noticed a centaur warrior
 13308 | D:11     | Noticed a centaur warrior
 13313 | D:11     | Killed a centaur warrior
 13314 | D:11     | Reached skill level 5 in Armour
 13322 | D:11     | Killed a tengu warrior
 13329 | D:11     | Killed a centaur warrior
 13334 | D:11     | Killed a deep elf pyromancer
 13334 | D:11     | Killed a centaur warrior
 13878 | D:10     | Noticed a two-headed ogre
 13879 | D:10     | Identified the +10 short sword "Uxtij" {venom, *Noise +Rage
                  | rPois rN+++}
 13879 | D:10     | Noticed an orc knight
 13916 | D:11     | Killed an orc knight
 14165 | D:10     | Killed a two-headed ogre
 14166 | D:10     | Gained mutation: You have a pair of horns on your head.
                  | [demonic ancestry]
 14166 | D:10     | Reached XP level 12. HP: 68/91 MP: 12/12
 15019 | D:10     | Noticed a six-headed hydra
 15037 | D:11     | Killed a six-headed hydra
 15556 | D:10     | Found an opulent altar of Gozag.
 15582 | D:10     | Found a hazy altar of Hepliaklqana.
 15582 | D:10     | Found an ornate altar of the Wu Jian Council.
 15625 | D:10     | Became a worshipper of the Wu Jian Council
 15695 | D:10     | Noticed a two-headed ogre
 15704 | D:10     | Killed a centaur warrior
 15708 | D:10     | Killed a two-headed ogre
 16018 | D:10     | Noticed a two-headed ogre
 16021 | D:10     | Noticed Erolcha
 16042 | D:10     | Killed a two-headed ogre
 16138 | Lair:1   | Entered Level 1 of the Lair of Beasts
 17400 | Lair:2   | Reached * piety under Wu Jian
 17611 | Lair:2   | You fall into a shaft and drop 2 floors!
 18370 | Lair:3   | Gained mutation: A meltable icy envelope protects you from
                  | harm. (AC +4) [demonic ancestry]
 18370 | Lair:3   | Reached XP level 13. HP: 93/101 MP: 13/13
 18459 | Lair:3   | Found a staircase to the Shoals.
 18530 | Lair:3   | Noticed Urug
 18552 | Lair:3   | Killed Urug
 19591 | Lair:4   | Reached skill level 10 in Fighting
 20080 | Lair:4   | Found a staircase to the Snake Pit.
 20089 | Lair:4   | Reached ** piety under Wu Jian
 21162 | Lair:4   | Reached skill level 10 in Dodging
 22004 | Lair:5   | Reached skill level 10 in Armour
 22251 | Lair:5   | Identified the +1 ring mail of the Blind Marksman {rElec
                  | rPois rN+ Str-3 Int+4}
 22274 | Lair:6   | Entered Level 6 of the Lair of Beasts
 22546 | Lair:6   | Reached *** piety under Wu Jian
 22711 | Lair:6   | Reached XP level 14. HP: 72/113 MP: 14/14
 23421 | Lair:6   | Reached **** piety under Wu Jian
 23601 | Lair:6   | Found a viscous altar of Jiyva.
 23602 | Lair:6   | Found a staircase to the Slime Pits.
 24136 | Lair:6   | Identified the +11 war axe "Kucaali" {flame, rN+ Dex+4}
 24554 | Orc:1    | Entered Level 1 of the Orcish Mines
 24613 | Orc:1    | Reached skill level 1 in Polearms
 24624 | Orc:1    | Reached ***** piety under Wu Jian
 25175 | Orc:2    | Entered Level 2 of the Orcish Mines
 25183 | Orc:2    | Noticed an orc warlord
 25447 | Orc:2    | Found Xetheel's General Store.
 25989 | Orc:2    | Killed an orc warlord
 26341 | Orc:2    | Bought a potion of mutation for 112 gold pieces
 26341 | Orc:2    | Gained mutation: You have sharp fingernails. [potion of
                  | mutation]
 26341 | Orc:2    | Gained mutation: You do not regenerate when monsters are
                  | visible. [potion of mutation]
 26341 | Orc:2    | Gained mutation: Your mind is acute. (Int +2) [potion of
                  | mutation]
 26342 | Orc:2    | Lost mutation: You do not regenerate when monsters are
                  | visible. [potion of mutation]
 26342 | Orc:2    | Lost mutation: You have sharp fingernails. [potion of
                  | mutation]
 26342 | Orc:2    | Lost mutation: Your mind is acute. (Int +2) [potion of
                  | mutation]
 26342 | Orc:2    | Gained mutation: You are resistant to electric shocks.
                  | (rElec) [potion of mutation]
 26342 | Orc:2    | Gained mutation: You expend magic power (3 MP) to
                  | strengthen your wands. [potion of mutation]
 26342 | Orc:2    | Gained mutation: You possess an exceptional clarity of
                  | mind. [potion of mutation]
 26422 | Orc:2    | Found Eloammet's Antique Armour Emporium.
 26706 | Orc:2    | Found a staircase to the Elven Halls.
 26723 | Orc:2    | Found Hucsyani's Armour Shop.
 26737 | Orc:2    | Found Ozox's Book Shop.
 27536 | Orc:2    | Gained mutation: Armour fits poorly on your strangely
                  | shaped body. [a neqoxec]
 27603 | Orc:2    | Found Adifeidus's Antique Weapon Shop.
 28405 | Shoals:1 | Entered Level 1 of the Shoals
 29102 | Shoals:1 | Reached XP level 15. HP: 119/122 MP: 15/15
 31654 | Shoals:2 | Reached skill level 5 in Polearms
 32290 | Shoals:2 | HP: 6/124 [alligator snapping turtle (27)]
 33596 | Shoals:2 | Lost mutation: You expend magic power (3 MP) to strengthen
                  | your wands. [potion of mutation]
 33596 | Shoals:2 | Lost mutation: You possess an exceptional clarity of mind.
                  | [potion of mutation]
 33596 | Shoals:2 | Gained mutation: You are agile. (Dex +2) [potion of
                  | mutation]
 33596 | Shoals:2 | Gained mutation: Your muscles are strong. (Str +2) [potion
                  | of mutation]
 34391 | Shoals:3 | Noticed Ilsuiw
 34644 | Shoals:2 | Killed Ilsuiw
 35120 | Shoals:3 | HP: 5/125 [merfolk (13)]
 36343 | Shoals:3 | Gained mutation: You have a moderately thin skeletal
                  | structure. (Dex +4, Stealth++) [demonic ancestry]
 36343 | Shoals:3 | Reached XP level 16. HP: 119/132 MP: 14/16
 37745 | Shoals:3 | HP: 4/132 [merfolk (3)]
 37746 | Shoals:3 | Killed from afar by an elemental wellspring

Skill      XL: |  1  2  3  4  5  6  7  8  9 10 11 12 13 14 15 16 |
---------------+-------------------------------------------------+-----
Staves         | 3 5 6 7 9 11 13 14 | 14.0
Armour         | 3 6 8 10 11 12 | 12.7
Dodging        | 4 7 9 10 11 12 13 | 13.0
Fighting       | 4 7 9 11 12 13 | 13.9
Polearms       | 3 6 |  6.9
Throwing       | |  1.7

Action                   |  1- 3 |  4- 6 |  7- 9 | 10-12 | 13-15 | 16-18 || total
-------------------------+-------+-------+-------+-------+-------+-------++-------
Melee: Quarterstaff      |    74 |   109 |   261 |   548 |     9 |       ||  1001
       Headbutt          |       |     7 |    75 |   178 |   241 |    11 ||   512
       Halberd           |       |       |       |   140 |  1380 |    97 ||  1617
Throw: Throwing net      |     3 |       |     1 |     2 |       |       ||     6
Invok: Whirlwind         |       |       |       |     1 |    22 |     2 ||    25
       Lunge             |       |       |       |     1 |     5 |     1 ||     7
       Serpent's Lash    |       |       |       |       |     1 |       ||     1
Evoke: Wand              |       |       |       |       |    10 |       ||    10
       Tin of tremorston |       |       |       |       |     1 |       ||     1
  Use: Scroll            |       |     7 |    11 |     5 |    13 |     2 ||    38
       Potion            |       |       |     4 |     6 |     7 |       ||    17
 Stab: Sleeping          |     1 |     1 |       |       |       |       ||     2
       Held in net/web   |       |       |     1 |     1 |       |       ||     2
       Petrified         |       |       |       |       |    21 |       ||    21
       Petrifying        |       |       |       |       |     1 |       ||     1
Armor: Leather armour    |    30 |    13 |       |       |       |       ||    43
       Chain mail        |       |    33 |   101 |   240 |       |       ||   374
       Plate armour      |       |       |       |    71 |   476 |    30 ||   577
       Acid dragon scale |       |       |       |       |     2 |       ||     2
Dodge: Dodged            |    58 |    52 |    55 |   254 |   448 |    36 ||   903
Block: Other             |       |       |    35 |   210 |   327 |     9 ||   581
       Reflection        |       |       |       |    51 |    17 |       ||    68

Levels and vault maps discovered:
D:1:      amcnicky_arrival_single_pillar, layout_rooms, minmay_misc_feat_x,
          chequers_serial_rivers_micro_b, st_stairs_3
D:2:      layout_basic, minmay_ruptured, uniq_natasha, uniq_robin, uniq_sigmund
D:3:      layout_loops_ring, nicolae_overflow_crystal_walls, st_stairs_5,
          chequers_serial_rivers_micro_b, grunt_ministairs_2,
          minmay_stone_trees_small, glass_columns_a
D:4:      layout_cave_pools, minmay_temple_entry_stoned_glass,
          uniq_blork_the_orc
D:5:      layout_basic, elyvilon_altar_3
D:6:      layout_cave_pools, mainiacjoe_overflow_small_starburst,
          kennysheep_orc_sif_temple, uniq_maggie, uniq_eustachio
D:7:      layout_basic, grunt_temple_overflow_champion_of_chaos,
          mainiacjoe_overflow_six_doors_small, enter_ossuary_1, uniq_pikel
D:8:      cheibrodos_iron_armory, layout_basic
D:9:      layout_roguey, okawaru_ov_weapons_minmay,
          nemelex_xobeh_ov_fountains_minmay, amcnicky_altar_gilded,
          lair_entry_dummy, hiddenorc2_lemuel, hangedman_glass_teeth,
          roderic_serpentine_path, st_stairs_9, minmay_chambers_of_fives,
          uniq_joseph
D:10:     minmay_the_grid_square_5x5_3x3
          [minmay_the_grid_square_5x5_hollow_slash,
          minmay_the_grid_square_5x5_longway,
          minmay_the_grid_square_5x5_inner_i,
          minmay_the_grid_square_5x5_minivault,
          minmay_the_grid_square_5x5_megaprize_checkered,
          minmay_the_grid_square_5x5_intrusive_squares,
          minmay_the_grid_square_5x5_hourglass,
          minmay_the_grid_square_5x5_eight_small,
          minmay_the_grid_square_5x5_fancy_junction], layout_stronghold,
          gammafunk_temple_overflow_forgotten, uniq_erolcha, uniq_grum,
          uniq_harold
D:11:     minmay_blocky_corners, layout_loops_corners, enter_bailey_3
D:12:     layout_irregular_city, chequers_serial_rivers_room_a
Temple:   dpeg_three_leaves_temple
Lair:1:   layout_regular_city, beast_lair_carwin_6, infiniplex_staircase_pool
Lair:2:   layout_regular_city
Lair:3:   layout_roguey, minmay_shoals_entry_lonely_mermaid, uniq_urug
Lair:4:   layout_cave_pods, minmay_snake_entry_guardpost_medium
Lair:5:   beast_lair_carwin_large_1, layout_big_grid, serial_bayou_shore_b,
          minmay_lair_oklob_chamber
Lair:6:   minmay_lair_end_frog_pond, layout_hall_layers, slime_altar_1,
          serial_bayou_ford_a
Shoals:1: layout_shoals, argonaut_gorgonesque
Shoals:2: layout_shoals
Shoals:3: layout_shoals, nicolae_shoals_spring_well_temple, uniq_ilsuiw
Orc:1:    layout_caves, minmay_orc_keep
Orc:2:    grunt_orc_gardens, layout_caves, grunt_orc_garden, grunt_orc_garden,
          grunt_orc_garden, grunt_orc_garden, serial_shops,
          nicolae_shop_crystal, mines_bat_river
